Map: [ESL] Data-C

Players

Dark - Winner!

  • Race: Zerg Zerg
  • Spawn Location: 3:00

SpeCial

  • Race: Terran Terran
  • Spawn Location: 9:00

Event: DreamHack SC2 Masters 2022 Valencia

VOD

Have the link to the VOD?

Description

Time

  • Played on: July 1, 2022, 1:43 p.m.
  • Length: 13:28

All games in this series

Show
View Real Time Build Order
Export as new Build Order

Dark Zerg - Winner!

Build Orders: Hatch First 

Get SALT Encoding   

  12  0:00  Drone  
  13  0:13  Overlord  
  13  0:17  Drone  
  14  0:32  Drone x2  
  16  0:48  Hatchery  
  15  0:52  Drone  
  15  0:55  Drone  
  17  1:04  Drone  
  18  1:09  Extractor  
  17  1:16  Drone  
  17  1:17  Spawning Pool  
  17  1:21  Drone  
  18  1:30  Drone  
  19  1:42  Drone  
  20  1:52  Drone  
  21  2:04  Queen, Zergling x4  
  21  2:05  Queen  
  27  2:13  Overlord  
  27  2:14  Drone  
  28  2:23  Hatchery  
  28  2:26  Drone  
  28  2:32  Drone  
  28  2:34  Drone x2  
  31  2:41  Queen  
  33  2:44  Drone  
  33  2:48  Drone  
  35  2:54  Zergling x2  
  35  2:56  Metabolic Boost  
  35  3:04  Overlord  
  35  3:22  Drone x6, Queen  
  35  3:26  Overlord  
  43  3:34  Drone, Queen  
  43  3:39  Queen  
  48  3:43  Zergling x2  
  48  3:44  Zergling x2  
  48  3:47  Zergling x2  
  48  3:48  Drone x4  
  52  3:52  Overlord  
  52  3:55  Overlord  
  55  4:00  Overlord  
  55  4:10  Queen, Overlord  
  55  4:13  Queen  
  55  4:15  Zergling x2  
  55  4:16  Zergling x4  
  55  4:17  Drone  
  63  4:18  Drone  
  63  4:20  Drone x2  
  66  4:28  Zergling x4  
  66  4:29  Drone  
  66  4:30  Drone x3  
  72  4:37  Baneling Nest, Drone x2  
  72  4:38  Drone  
  74  4:43  Queen  
  76  4:47  Drone  
  76  4:48  Spore Crawler  
  76  4:49  Zergling x4  
  78  4:54  Drone  
  78  4:55  Drone x3  
  78  4:59  Spore Crawler  
  81  5:01  Lair  
  81  5:05  Drone  
  81  5:06  Spore Crawler  
  80  5:08  Zergling x2  
  81  5:14  Overlord  
  81  5:16  Overlord  
  81  5:21  Overlord  
  81  5:27  Overlord  
  81  5:32  Overlord  
  81  5:33  Drone  
  81  5:34  Drone x7  
  89  5:36  Drone x3  
  89  5:42  Drone x6  
  98  5:47  Extractor  
  98  5:48  Hatchery  
  96  5:51  Drone x2  
  96  5:53  Drone  
  99  5:59  Evolution Chamber  
  99  6:00  Evolution Chamber, Drone x3  
  99  6:02  Extractor  
  99  6:03  Drone, Extractor  
  99  6:04  Extractor  
  98  6:05  Drone x2, Hatchery  
  99  6:15  Drone  
  97  6:26  Zergling x16, Hatchery  
  97  6:31  Zergling x2  
  97  6:32  Zergling x4  
  105  6:39  Baneling x4  
  104  6:40  Baneling, Zergling x4  
  104  6:41  Zergling x8, Zerg Melee Weapons Level 1, Zerg Ground Armor Level 1  
  104  6:46  Centrifugal Hooks  
  110  6:51  Drone x5  
  115  6:55  Baneling x2  
  115  7:02  Drone x3  
  115  7:05  Overlord x2  
  118  7:09  Zergling x2, Hatchery  
  118  7:10  Zergling x8  
  118  7:11  Infestation Pit, Baneling x3  
  121  7:16  Zergling x4  
  121  7:19  Baneling x2  
  121  7:21  Zergling x8  
  121  7:22  Zergling x2  
  128  7:29  Zergling x12  
  133  7:31  Baneling x2  
  133  7:32  Baneling  
  133  7:36  Zergling x10  
  138  7:44  Zergling x8  
  138  7:45  Zergling x6  
  137  7:57  Zergling x18  
  139  7:59  Hive, Drone x2  
  139  8:03  Drone x4  
  145  8:14  Overseer  
  145  8:16  Zergling x10  
  145  8:17  Baneling x3  
  145  8:19  Drone  
  149  8:21  Baneling x2  
  149  8:22  Zergling x4  
  149  8:23  Zergling x14  
  149  8:26  Spore Crawler, Overlord  
  158  8:27  Drone x2  
  158  8:33  Drone x3  
  162  8:34  Burrow, Overseer  
  162  8:36  Overlord  
  162  8:37  Baneling x6  
  162  8:38  Baneling  
  162  8:43  Zerg Ground Armor Level 2, Zerg Melee Weapons Level 2  
  162  8:45  Zergling x16  
  162  8:46  Zergling x2  
  161  8:50  Zergling x10  
  161  8:51  Baneling  
  166  8:57  Drone x2  
  168  9:03  Drone  
  168  9:07  Zergling x2  
  168  9:08  Zergling x14  
  177  9:11  Baneling  
  177  9:12  Baneling  
  173  9:20  Zergling x2  
  173  9:23  Drone x3  
  170  9:27  Zergling x20  
  176  9:32  Overlord x2, Baneling x8  
  176  9:36  Overlord  
  176  9:41  Overlord x2  
  176  9:44  Ultralisk Cavern  
  175  9:48  Hatchery  
  175  9:49  Zergling x4, Overseer  
  175  9:50  Hatchery  
  175  9:52  Zergling x24, Baneling  
  187  9:53  Baneling  
  187  9:54  Zergling x4  
  187  9:56  Zergling x4  
  187  9:58  Viper  
  194  10:01  Viper  
  192  10:10  Zergling x4  
  187  10:18  Baneling x3  
  187  10:19  Baneling, Overseer  
  187  10:20  Zergling x22  
  187  10:21  Zergling x20  
  200  10:22  Baneling x3  
  200  10:23  Baneling  
  200  10:35  Baneling x2  
  199  10:38  Baneling x4  
  199  10:44  Chitinous Plating  
  199  10:47  Unknown  
  191  11:09  Spawning Pool  
  191  11:10  Ultralisk  
  192  11:14  Overseer x2  
  192  11:15  Pneumatized Carapace  
  192  11:17  Ultralisk  
  178  11:28  Baneling  
  164  11:47  Baneling x12  
  139  12:02  Ultralisk  
  139  12:04  Zergling x34  
  139  12:05  Zergling x90  
  199  12:09  Drone  
  199  12:13  Zergling x4  
  196  12:20  Zergling x6  
  196  12:21  Zergling x4  
  196  12:26  Baneling  
  196  12:36  Zergling x2  
  196  12:37  Zergling x12  
  171  12:51  Zergling x28  
  171  12:52  Zergling x14  
  171  12:57  Zergling x2  
  179  13:06  Zergling x2  
  179  13:07  Zergling x10, Baneling  
  179  13:08  Baneling x4  
Show
View Real Time Build Order
Export as new Build Order

SpeCial Terran 

Build Orders: Hellion Opening 

Get SALT Encoding   

  12  0:00  SCV  
  13  0:12  SCV  
  14  0:17  Supply Depot  
  14  0:24  SCV  
  15  0:38  SCV  
  15  0:41  Barracks  
  16  0:43  Refinery  
  16  0:50  SCV  
  17  1:03  SCV  
  18  1:15  SCV  
  19  1:27  Orbital Command  
  19  1:28  Barracks Reactor  
  19  1:39  Command Center  
  19  1:47  Supply Depot  
  19  1:53  SCV  
  20  2:05  SCV, Marine x2  
  23  2:11  Factory  
  23  2:17  SCV  
  24  2:22  Marine  
  24  2:23  Refinery, Marine  
  24  2:29  SCV  
  27  2:40  Marine x2  
  27  2:41  SCV  
  30  2:52  Orbital Command  
  30  2:54  SCV  
  30  2:56  Starport  
  33  3:05  Hellion  
  33  3:06  Hellion  
  33  3:07  Marine  
  33  3:09  SCV  
  37  3:18  SCV  
  38  3:21  SCV, Supply Depot  
  41  3:27  Hellion x2  
  41  3:29  Marine  
  41  3:31  SCV  
  41  3:33  SCV  
  46  3:42  Medivac  
  46  3:43  SCV  
  46  3:45  SCV, Supply Depot  
  50  3:54  Hellion x2  
  54  3:56  Barracks Tech Lab  
  54  4:07  SCV x2  
  54  4:09  Supply Depot  
  56  4:19  SCV x2  
  56  4:21  Raven  
  60  4:26  Barracks Tech Lab  
  60  4:29  Supply Depot  
  60  4:31  SCV x2  
  62  4:32  Command Center  
  62  4:33  Hellion  
  62  4:34  Hellion  
  66  4:43  SCV x2  
  68  4:47  Marine  
  68  4:49  Stimpack  
  69  4:55  SCV  
  69  4:59  Barracks  
  70  5:00  SCV  
  70  5:04  Marine, Factory Reactor  
  70  5:05  Raven  
  74  5:07  SCV  
  74  5:08  Barracks  
  74  5:12  SCV  
  76  5:18  Engineering Bay  
  76  5:19  Engineering Bay, SCV  
  76  5:20  Supply Depot  
  77  5:24  SCV  
  77  5:28  Marine  
  76  5:31  SCV  
  76  5:32  Refinery x2  
  78  5:40  Supply Depot  
  78  5:41  SCV  
  79  5:46  SCV  
  78  5:58  Starport Reactor  
  78  5:59  Terran Infantry Armor Level 1, Terran Infantry Weapons Level 1  
  78  6:00  Marine x2  
  78  6:01  Siege Tank  
  78  6:02  Barracks  
  78  6:03  SCV x2  
  85  6:05  Barracks  
  85  6:10  Marine x2  
  87  6:15  SCV x2, Supply Depot  
  89  6:20  Marine x2  
  89  6:23  Marine  
  92  6:27  SCV  
  92  6:28  SCV  
  92  6:29  Orbital Command  
  92  6:33  Marine  
  92  6:35  Medivac x2  
  92  6:36  Marine  
  92  6:37  Siege Tank, Marine  
  92  6:39  Combat Shield  
  102  6:42  SCV  
  102  6:43  SCV, Supply Depot  
  102  6:47  Supply Depot  
  102  6:50  Barracks Reactor  
  102  6:51  Marine x2  
  102  6:52  Barracks Reactor  
  102  6:54  SCV x2  
  102  6:57  Marine x2  
  102  7:01  SCV  
  107  7:05  Marine  
  107  7:06  SCV  
  109  7:09  Marine x2  
  109  7:11  Siege Tank  
  109  7:15  SCV x2, Marine x2  
  117  7:18  SCV, Supply Depot  
  117  7:22  Marine, Supply Depot  
  119  7:23  Supply Depot  
  119  7:29  Armory, Marine x2  
  122  7:30  SCV x2  
  122  7:33  Refinery  
  124  7:38  Marine  
  124  7:39  Factory, Marine x2  
  124  7:41  Marine  
  124  7:42  Marine  
  124  7:43  Siege Tank  
  125  7:55  Marine  
  125  7:56  Marine  
  118  7:59  SCV  
  118  8:00  Marine x3  
  118  8:01  Marine x3  
  123  8:07  Marine  
  123  8:09  Command Center  
  123  8:10  Supply Depot  
  124  8:12  Marine  
  124  8:14  Marine  
  124  8:15  Siege Tank  
  124  8:18  Marine x2  
  137  8:21  SCV  
  137  8:22  SCV  
  137  8:26  Factory Reactor  
  138  8:28  Refinery, Marine  
  138  8:29  Marine x4, Sensor Tower  
  138  8:30  Marine  
  138  8:32  Marine, Medivac x2  
  143  8:36  Marine x2  
  145  8:46  Marine x3  
  145  8:47  Marine x2  
  145  8:48  Marine  
  142  8:50  Drilling Claws, Marine, Widow Mine  
  142  8:54  SCV x2  
  148  8:56  Marine x2  
  150  9:04  Marine x3  
  150  9:05  Medivac x2, Marauder  
  150  9:06  Supply Depot, Marine x2  
  150  9:09  Terran Infantry Armor Level 2, Terran Infantry Weapons Level 2  
  161  9:12  Widow Mine  
  159  9:18  Marine  
  159  9:24  Marine  
  159  9:25  Marine x2  
  159  9:26  Marauder  
  159  9:29  Marine  
  154  9:33  Supply Depot, Widow Mine  
  154  9:34  Marine  
  154  9:35  Medivac x2  
  154  9:36  SCV x3  
  164  9:41  Barracks  
  164  9:44  Barracks x2  
  164  9:48  SCV x2  
  164  9:50  Marine x5, Marauder  
  164  9:51  Marine x2  
  164  9:52  Marine  
  175  9:54  Widow Mine  
  175  9:55  Planetary Fortress  
  178  10:00  Terran Vehicle And Ship Armor Level 1  
  170  10:08  SCV, Marine x6  
  170  10:09  Marine  
  170  10:12  Marauder  
  179  10:15  Marine  
  179  10:16  Widow Mine  
  176  10:26  Marine x7  
  176  10:27  SCV x2  
  176  10:28  SCV  
  186  10:30  Supply Depot  
  186  10:33  Barracks Tech Lab x3, Marine, Marauder  
  187  10:37  Widow Mine  
  187  10:39  SCV  
  188  10:43  Marine x2  
  188  10:44  Marine x2  
  188  10:49  Supply Depot  
  192  10:53  Marine x5, Marauder  
  192  10:54  Marine  
  192  10:55  Marauder  
  199  11:01  Marine  
  173  11:11  Marine x2  
  173  11:12  Marine, Marauder  
  173  11:13  Marine, Marauder  
  173  11:14  Widow Mine  
  173  11:15  Marine  
  173  11:16  Marauder x2  
  188  11:21  Marine  
  188  11:23  Marine  
  188  11:24  Medivac x2  
  182  11:31  Marine  
  179  11:33  Marauder  
  179  11:34  Marine, Marauder  
  179  11:35  Widow Mine  
  179  11:37  Marauder x2  
  179  11:39  Marine  
  191  11:43  Marine  
  192  11:48  Marine  
  192  11:53  Marine  
  188  11:55  Marauder  
  188  11:56  Marauder, Widow Mine  
  188  11:58  Marine, Marauder  
  188  11:59  Marauder  
  183  12:05  SCV x2  
  183  12:06  Marine x3  
  183  12:07  Marine  
  189  12:09  Marine  
  189  12:15  Marine  
  191  12:16  Marauder  
  191  12:17  Marauder  
  191  12:18  Marine  
  191  12:22  Ghost Academy  
  196  12:23  Marauder  
  196  12:28  Concussive Shells  
  196  12:31  Marine, Widow Mine  
  196  12:34  Marine  
  196  12:38  Sensor Tower  
  196  12:46  Medivac x2, Marine  
  196  12:47  Marauder  
  196  12:49  Widow Mine  
  196  12:50  Marauder, Widow Mine  
  196  12:51  Marauder  
  196  12:53  Marine x2, Widow Mine  
  196  12:54  Marauder  
  196  12:58  SCV, Marine  
  180  12:59  SCV  
  180  13:02  Marine x2  
  180  13:03  Marine x2  
  180  13:04  Marine  

Tags
 
Add a new tag
Caveats
  • Supply blocks, unpowered buildings, or Contaminate may cause inaccurate times.
  • Supply counts are checked every 10 seconds.